 Dungeon Crawl Stone Soup version 0.31-a0-83-gbff143cfd1 (webtiles) character file.

Game seed: 11918264627566965590

25 Esekla the Sneak (level 3, 26/26 HPs)
             Began as an Octopode Delver on May 24, 2023.
             Quit the game on level 5 of the Dungeon.
             The game lasted 00:04:37 (863 turns).

Esekla the Sneak (Octopode Delver)                   Turns: 863, Time: 00:04:38

Health: 26/26      AC:  1    Str: 11    XL:     3   Next: 6%
Magic:  3/3        EV: 13    Int: 14    God:
Gold:   6          SH:  0    Dex: 13    Spells: 3/3 levels left

rFire   . . .        a - +0 falchion
rCold   . . .        (no shield)
rNeg    . . .        (helmet restricted)
rPois   .            (no amulet)
rElec   .            (no ring)
rCorr   .            (no ring)
SInv    .            (no ring)
Will    .....        (no ring)
Stlth   ++++         (no ring)
HPRegen 0.24/turn    (no ring)
MPRegen 0.08/turn    (no ring)
                     (no ring)

%: no passive effects
@: no status effects
A: almost no armour, amphibious, 8 rings, camouflage 1, gelatinous body 1,
(nimble swimmer 1), tentacles
a: no special abilities


You were on level 5 of the Dungeon.
You visited 2 branches of the dungeon, and saw 2 of its levels.

You collected 6 gold pieces.

Inventory:

Hand Weapons
 a - a +0 falchion (weapon)
Missiles
 g - 5 curare-tipped darts (quivered)
Wands
 f - a wand of digging (3)
Scrolls
 b - 2 scrolls of fog
 c - a scroll of blinking {unknown}
Potions
 d - a potion of mutation {unknown}
 e - 2 potions of haste


   Skills:
 * Level 3.2 Fighting
 * Level 2.2 Long Blades
 * Level 2.2 Dodging
 + Level 7.1 Stealth
 * Level 0.6 Spellcasting


You had 3 spell levels left.
You didn't know any spells.
Your spell library was empty.

Dungeon Overview and Level Annotations

Branches:
Dungeon (5/15)             Temple (1/1) D:5

Altars:
Ashenzari
Cheibriados
Elyvilon
Fedhas
Hepliaklqana
Kikubaaqudgha
Makhleb
Nemelex Xobeh
Qazlal
Ru
Sif Muna
Trog
Uskayaw
Wu Jian
Xom
Yredelemnul

Shops:
D:5 ([*


Innate Abilities, Weirdness & Mutations

You cannot wear most types of armour.
You are amphibious.
You can wear up to eight rings at the same time.
Your skin changes colour to match your surroundings (Stealth+).
Your rubbery body absorbs attacks. (AC +1, EV +1)
((You are camouflaged when in or above water. (Stealth+)))
You have tentacles for arms and can constrict up to eight enemies at once.


Message History

Where to? (? - help)
There is a staircase back to the Dungeon here.
You climb upwards.
There is a staircase to the Ecumenical Temple here.
The iguana hisses angrily.
You hit the iguana but do no damage. Your grab misses the iguana.
Your squeeze misses the iguana. The iguana closely misses you.
You hit the iguana but do no damage. You grab the iguana.
You squeeze the iguana.
The iguana is moderately wounded.
You constrict the iguana, but do no damage.
The iguana bites you! x2
* * * LOW HITPOINT WARNING * * *
As you read the scroll of fear, it crumbles to dust.
You assume a fearsome visage.
The iguana looks frightened!
You constrict the iguana, but do no damage.
The iguana escapes!
There is a stone staircase leading down here.
You start resting.
HP restored.
Unknown command.
Found a viscous silvery potion.
d - a viscous silvery potion
Found a scroll of fog.
Found Ixups's Assorted Antiques and Niluamm's Antique Armour Shop.
Found Gastruxo's Antique Weapon Shop.
Found a stone staircase leading down and a stone staircase leading up.
A hound comes into view.
You see here a scroll of fog.
b - 2 scrolls of fog (gained 1)
An orc comes into view. It is wielding a +0 dagger.
An orc comes into view. It is wielding a +0 dagger.
Found a stone staircase leading up.
An iguana comes into view.
An orc wizard and an orc come into view.
A quokka comes into view.
Found a chain mail.
Found an ornate altar of the Wu Jian Council.
The iguana hisses angrily.
Are you sure you want to abandon this character and quit the game? (Confirm with "yes".)

##.#.###.......##..#
##.###.#8..._...8###r
#.## ####.......#*,,#
##.###.#*#8...8#***,*
##.#.#* ###.###* *,.
##.## #.##,***.# #.#
#..#,,,.,, #.#
#.##,***** #@# #.#*,#
# #.#######.##.# #
#......l.....#** #
#########......###
###....... *.......
*###.... #####


There were no monsters in sight!

Vanquished Creatures
  An iguana (D:5)
1 creature vanquished.

Notes
Turn   | Place    | Note
-------+----------+-------------------------------------------
     0 | D:5      | Esekla the Octopode Delver began the quest for the Orb.
     0 | D:5      | Reached XP level 1. HP: 16/16 MP: 1/1
    69 | D:5      | Noticed a hound
   100 | D:5      | Noticed an iguana
   107 | D:5      | Noticed an iguana
   136 | D:5      | Killed an iguana
   137 | D:5      | Reached skill level 7 in Stealth
   137 | D:5      | Reached XP level 2. HP: 4/21 MP: 2/2
   137 | D:5      | Reached XP level 3. HP: 5/26 MP: 3/3
   257 | D:5      | Noticed an ice beast
   278 | D:5      | Found a basalt altar of Yredelemnul.
   279 | D:5      | Noticed a black bear
   318 | D:5      | Found a staircase to the Ecumenical Temple.
   329 | Temple   | Entered the Ecumenical Temple
   731 | D:5      | Found Ixups's Assorted Antiques.
   731 | D:5      | Found Niluamm's Antique Armour Shop.
   732 | D:5      | Found Gastruxo's Antique Weapon Shop.
   840 | D:5      | Found an ornate altar of the Wu Jian Council.
   863 | D:5      | Quit the game

Illustrated notes

Levels and vault maps discovered:
D:5:      layout_loops_ring, yredelemnul_altar_generic,
          nzn_wu_jian_council_hall, temple_hall,
          nicolae_shop_distant_corner_stores, kennysheep_generic_room_11,
          uniq_blork_the_orc
Temple:   minmay_temple_curvy_branch

Skill      XL: |  1 |
---------------+----+-----
Stealth        | 7 |  7.1
Fighting       | |  3.2
Long Blades    | |  2.2
Dodging        | |  2.2
Spellcasting   | |  0.6

Action                     || total
---------------------------++-------
  Melee: Falchion          ||     8
         Tentacles         ||     3
         Constrict         ||     2
    Use: Scroll            ||     2
 Armour: Skin              ||     2
  Dodge: Dodged            ||     4

Table legend: (Time is in decaauts)
 A = Elapsed time spent in this place.
 B = Non-inter-level travel time spent in this place.
 C = Inter-level travel time spent in this place.
 D = Time resting spent in this place.
 E = Time spent auto-exploring this place.
 F = Levels seen in this place.
 G = Mean time per level.
                   A        B        C        D        E       F      G
               +--------+--------+--------+--------+--------+-----+--------+
         Total |    864 |    859 |      5 |    148 |    244 |   2 |  432.0 |
       Dungeon |    616 |    615 |      1 |    148 |      0 |   1 |  616.0 |
        Temple |    248 |    244 |      4 |      0 |    244 |   1 |  248.0 |
               +--------+--------+--------+--------+--------+-----+--------+

Top non-repeatable levels by time:
     D:5: 616 daAuts
  Temple: 248 daAuts
